Map: Babylon LE

Players

SLicKcHeeZEE - Winner!

  • Race: Zerg Zerg
  • League: Bronze
  • Spawn Location: 11:00

A.I. 1 (Medium)

  • Race: Terran Terran
  • Spawn Location: 5:00

VOD

Have the link to the VOD?

Description

Time

  • Played on: Sept. 21, 2026, 10:08 a.m.
  • Length: 11:13
Show
View Real Time Build Order
Export as new Build Order

SLicKcHeeZEE Zerg - Winner!

Build Orders: Hatch First, Roach Hydra 

Get SALT Encoding   

  6  0:00  Drone  
  9  0:11  Drone  
  10  0:16  Drone  
  11  0:28  Overlord  
  11  0:33  Drone  
  12  0:46  Drone x2  
  14  0:51  Drone  
  15  1:14  Hatchery  
  15  1:17  Drone  
  15  1:21  Drone  
  15  1:24  Drone  
  17  1:40  Spawning Pool  
  17  1:44  Drone  
  17  1:47  Extractor  
  17  1:49  Drone  
  17  1:52  Drone  
  18  2:00  Drone  
  19  2:10  Overlord  
  19  2:26  Queen  
  19  2:28  Queen  
  23  2:30  Zergling x2  
  23  2:33  Drone  
  23  2:36  Drone  
  26  2:39  Drone  
  26  2:42  Drone  
  28  2:50  Metabolic Boost  
  28  2:53  Extractor  
  28  2:57  Overlord  
  27  3:08  Roach Warren  
  27  3:10  Drone  
  27  3:14  Drone  
  27  3:18  Drone  
  29  3:25  Lair  
  29  3:29  Drone  
  30  3:48  Roach  
  32  3:49  Roach  
  32  3:50  Roach x2  
  32  3:52  Overlord  
  38  4:03  Queen  
  40  4:12  Drone  
  40  4:13  Drone  
  40  4:16  Drone  
  43  4:17  Drone  
  43  4:20  Drone  
  45  4:26  Hydralisk Den  
  45  4:27  Glial Reconstitution  
  44  4:33  Overlord  
  44  4:36  Drone  
  45  4:42  Drone  
  45  4:43  Drone  
  45  4:44  Drone  
  48  4:48  Extractor  
  47  4:53  Overlord  
  47  4:55  Hydralisk  
  47  4:57  Hydralisk  
  51  5:03  Hydralisk  
  53  5:07  Hydralisk  
  53  5:13  Roach x2  
  59  5:18  Grooved Spines  
  59  5:36  Drone x2  
  59  5:37  Drone  
  59  5:40  Drone  
  59  5:41  Hatchery  
  59  5:42  Drone  
  63  5:47  Evolution Chamber  
  61  5:50  Overlord  
  57  6:14  Zerg Missile Weapons Level 1  
  57  6:16  Muscular Augments  
  57  6:20  Roach  
  57  6:21  Roach x2, Hydralisk x2  
  57  6:23  Roach x2  
  71  6:28  Overlord  
  71  6:31  Overlord  
  71  6:40  Drone  
  71  6:46  Drone  
  71  6:47  Drone x2  
  75  6:52  Overlord  
  75  6:56  Drone  
  76  7:01  Roach  
  76  7:02  Roach x2, Hydralisk  
  76  7:04  Overlord  
  84  7:09  Queen  
  86  7:21  Roach x3, Hydralisk  
  94  7:23  Hydralisk  
  96  8:09  Overlord x2  
  96  8:12  Hydralisk x2, Roach x3  
  102  8:14  Roach  
  102  8:16  Overlord  
  108  8:40  Roach x3, Hydralisk x2  
  118  8:42  Hydralisk x2, Roach x3  
  118  8:44  Zerg Ground Armor Level 1  
Show
View Real Time Build Order
Export as new Build Order

A.I. 1 (Medium) Terran 

Build Orders:  

Get SALT Encoding   

  6  0:00  SCV  
  9  0:13  SCV  
  10  0:25  SCV  
  11  0:37  SCV  
  12  0:46  Supply Depot  
  12  0:49  SCV  
  13  1:07  SCV  
  14  1:12  Barracks  
  14  1:19  SCV  
  14  1:21  Refinery  
  15  1:31  SCV  
  16  1:44  SCV  
  17  1:52  Supply Depot  
  17  1:56  SCV  
  17  1:58  Marine  
  19  2:09  Orbital Command, Barracks  
  19  2:16  Marine  
  19  2:21  Refinery  
  20  2:35  Barracks Tech Lab  
  20  2:44  Supply Depot  
  20  2:53  Marine  
  21  3:03  Marine  
  22  3:06  SCV  
  23  3:14  Marauder  
  23  3:15  Supply Depot  
  23  3:18  SCV  
  26  3:31  SCV, Engineering Bay  
  27  3:35  Marauder  
  29  3:43  SCV  
  30  3:55  SCV  
  31  3:57  Marauder  
  33  4:07  SCV  
  34  4:18  Marauder  
  36  5:12  Barracks Tech Lab  
  36  5:13  Marine, SCV  
  38  5:16  Factory  
  38  5:19  Factory  
  38  5:21  Supply Depot  
  38  5:23  Missile Turret  
  38  5:24  Missile Turret  
  38  5:26  SCV  
  39  5:30  Marine  
  40  5:42  SCV  
  41  5:45  Sensor Tower  
  41  5:47  Bunker  
  41  5:49  Marine, Supply Depot  
  32  6:01  Starport, Factory Tech Lab  
  32  6:02  Marine  
  32  6:03  Factory Tech Lab  
  31  6:15  Marine  
  32  6:27  Armory  
  32  6:28  Marine  
  33  6:35  Barracks, Command Center  
  33  6:39  Starport Tech Lab  
  33  6:41  Marauder  
  37  6:54  Marauder  
  37  6:58  Raven  
  39  7:07  Siege Tank  
  42  7:20  Siege Tank  
  42  7:22  Barracks Reactor  
  45  7:32  Raven  
  47  7:39  Cyclone  
  50  7:47  SCV  
  50  7:50  SCV  
  52  7:59  SCV  
  52  8:02  SCV  
  52  8:05  Refinery  
  54  8:07  Missile Turret  
  54  8:10  Missile Turret  
  54  8:11  Refinery, SCV  
  55  8:14  SCV  
  56  8:23  SCV  
  56  8:26  SCV  
  58  8:31  Bunker  
  58  8:35  SCV  
  58  8:38  SCV  
  60  8:48  SCV  
  61  8:50  SCV  
  62  9:00  SCV  
  63  9:03  SCV  
  64  9:12  SCV  
  64  9:15  SCV  
  66  9:17  Supply Depot  
  66  9:24  SCV  
  66  9:27  SCV  
  68  9:35  Medivac  
  68  9:36  SCV  
  71  9:39  Starport  
  71  9:42  Ghost Academy  
  71  9:44  Fusion Core  
  73  9:48  Engineering Bay, Marine  
  74  9:53  Marine  
  74  9:55  Armory  
  74  9:57  Supply Depot  
  69  10:01  Hellion  
  69  10:05  Medivac  
  75  10:10  SCV  
  75  10:11  Ghost  
  58  10:15  Starport Tech Lab  
  58  10:18  Hellion  
  59  10:23  SCV  
  59  10:27  Supply Depot  
  58  10:31  Hellion  
  57  10:36  Raven  
  57  10:40  Hellion  
  57  10:42  Barracks Tech Lab  
  45  10:48  Barracks  
Tags
 
Composition
Roach Hydra
League
Bronze
Matchup
TvZ
Spawn Locations
Cross Positions
Add a new tag
Caveats
  • Supply blocks, unpowered buildings, or Contaminate may cause inaccurate times.
  • Supply counts are checked every 10 seconds.